 Dungeon Crawl Stone Soup version 0.28-a0-563-gf77a47075d (webtiles) character file.

Game seed: 12505291196979740696

1196 timneilson the Covered (level 8, -1/48 HPs)
             Began as a Gargoyle Fighter on Sept 29, 2021.
             Slain by Prince Ribbit (14 damage)
             ... on level 5 of the Dungeon.
             The game lasted 00:09:26 (6820 turns).

timneilson the Covered (Gargoyle Fighter)           Turns: 6820, Time: 00:09:26

Health: -1/48      AC: 13    Str: 29    XL:     8   Next: 44%
Magic:  8/8        EV: 11    Int:  8    God:
Gold:   400        SH:  5    Dex:  9    Spells: 7/7 levels left

rFire   . . .      SeeInvis .   a - +0 long sword (protect)
rCold   . . .      Faith    .   c - +0 buckler
rNeg    + . .      Spirit   .   b - +0 scale mail
rPois   ∞          Reflect  .   (no helmet)
rElec   +          Harm     .   (no cloak)
rCorr   .          Rampage  .   (no gloves)
Will    .....                   (no boots)
Stlth   ..........              (no amulet)
HPRegen 0.16/turn               f - +6 ring of strength
MPRegen 0.11/turn               (no ring)

@: brilliant
A: sickness immunity, AC +5, negative energy resistance 1, electricity
resistance, torment resistance 1, petrification resistance
a: no special abilities


You were on level 5 of the Dungeon.
You visited 1 branch of the dungeon, and saw 6 of its levels.
You also visited: Sewer.

You collected 400 gold pieces.

Inventory:

Hand Weapons
 a - a +0 long sword of protection (weapon)
Armour
 b - a +0 scale mail (worn)
 c - a +0 buckler (worn)
Jewellery
 f - a +6 ring of strength (left hand)
Wands
 e - a wand of acid (11)
Scrolls
 h - 2 scrolls of fog
 j - 3 scrolls of teleportation
Potions
 d - a potion of might
 g - 7 potions of flight
 i - 2 potions of mutation


   Skills:
 + Level 4.9 Fighting
 * Level 4.7 Long Blades
 * Level 6.2 Armour
 + Level 2.5 Dodging
 * Level 6.2 Shields
 + Level 0.6 Evocations


You had 7 spell levels left.
You didn't know any spells.
Your spell library contained the following spells:

 Spells                   Type           Power      Damage    Failure   Level
 Sandblast                Erth           0%         2d4       65%         1
 Passwall                 Tmut/Erth      0%         N/A       78%         2
 Ignite Poison            Fire/Tmut/Pois 0%         N/A       95%         3
 Mephitic Cloud           Conj/Pois/Air  0%         N/A       95%         3
 Stone Arrow              Conj/Erth      0%         3d7       95%         3
 Cause Fear               Hex            0%         N/A       100%        4
 Passage of Golubria      Tloc           N/A        N/A       100%        4
 Freezing Cloud           Conj/Ice/Air   0%         6-21      100%        5
 Silence                  Hex/Air        0%         N/A       100%        5
 Dragon Form              Tmut           0%         N/A       100%        7
 Lehudib's Crystal Spear  Conj/Erth      0%         10d2      100%        8
 Dragon's Call            Summ           0%         N/A       100%        9


Dungeon Overview and Level Annotations

Branches:
Dungeon (6/15)              Sewer (visited)
 Temple: D:4-7

Altars:

Shops:
D:2 =   D:3 :

Annotations:
D:5 Prince Ribbit


Innate Abilities, Weirdness & Mutations

You are immune to sickness and miasma.
Your stone body is resilient. (AC +5)
You are immune to poison.
You resist negative energy. (rN+)
You are resistant to electric shocks. (rElec)
You are resistant to unholy torment.
You are immune to petrification.


Message History

You barely miss the orc. The orc hits you but does no damage.
Prince Ribbit blinks!
You barely miss the orc. You block Prince Ribbit's attack.
You block the orc's attack.
You closely miss the orc. You block Prince Ribbit's attack.
The orc hits you but does no damage. Prince Ribbit closely misses you.
Unknown command.
You closely miss the orc.
The orc shouts!
The orc hits you but does no damage. Prince Ribbit hits you.
You slash the orc!
Your weapon exudes an aura of protection.
You kill the orc!
Prince Ribbit hits you but does no damage.
Prince Ribbit hits you! The orc hits you but does no damage.
Unknown command.
Prince Ribbit hits you but does no damage.
Prince Ribbit hits you.
* * * LOW HITPOINT WARNING * * *
Prince Ribbit hits you but does no damage.
It was a potion of brilliance.
You feel clever all of a sudden. Prince Ribbit closely misses you.
Prince Ribbit hits you but does no damage.
It was a potion of curing.
You feel better. Prince Ribbit barely misses you.
You barely miss Prince Ribbit. You block Prince Ribbit's attack.
Prince Ribbit hits you!
* * * LOW HITPOINT WARNING * * *
Prince Ribbit hits you but does no damage.
Prince Ribbit catches a moth with his tongue.
You block Prince Ribbit's attack.
Prince Ribbit hops awkwardly around.
Prince Ribbit asks, "Just a little smooch?"
Prince Ribbit closely misses you.
There is an escape hatch in the ceiling here.
You block Prince Ribbit's attack.
Prince Ribbit hits you but does no damage.
A mysterious force pulls you upwards. The hatch slams shut behind you.
Prince Ribbit hits you!
You die...

########...#..###.........
#.<.##..........##........
##....#.............#<.....
##...)###)#...###....#......
###..........#..# ##.###......
#..............####...#.......
###..#....#..#...###......###.
#####...#####..# ##.....#.#.
###..##..@<.#####..#....#.
#.....#.F##.##.....####...
##.......#####......###...
#..........# #..###.......
#..#......####.## #......#
####..###..#....###....#..
##..##........#.....#..
##..#######........... #...#
##..........


You could see Prince Ribbit.

Vanquished Creatures
  Pikel (D:5)
  An ogre (D:5)
  A necrophage (D:6)
  4 lemures (D:5)
  A scorpion (D:6)
  A gnoll shaman (D:5)
  A jelly (D:5)
  An orc priest (D:6)
  4 iguanas
  A merfolk siren (Sewer)
  A merfolk avatar (Sewer)
  5 gnolls
  6 adders
  4 river rats
  2 ufetubi
  3 dart slugs
  3 orcs
  5 endoplasms
  12 giant cockroaches
  8 goblins (D:1)
  3 hobgoblins (D:1)
  2 jackals (D:2)
  3 kobolds
  6 quokkas
  16 ball pythons
  4 bats
  6 frilled lizards
  32 rats
137 creatures vanquished.

Vanquished Creatures (others)
  2 plants (D:6)
2 creatures vanquished.

Grand Total: 139 creatures vanquished

Notes
Turn   | Place    | Note
-------+----------+-------------------------------------------
     0 | D:1      | timneilson the Gargoyle Fighter began the quest for the
                  | Orb.
     0 | D:1      | Reached XP level 1. HP: 14/14 MP: 1/1
   113 | D:1      | Reached XP level 2. HP: 19/19 MP: 2/2
   794 | D:1      | Reached XP level 3. HP: 17/23 MP: 3/3
  1735 | D:2      | Found Wopaifua's Jewellery Shoppe.
  1852 | D:2      | Reached XP level 4. HP: 28/28 MP: 4/4
  2888 | D:3      | Found Teledwol's Book Shoppe.
  2922 | D:3      | Found a faded altar of an unknown god.
  3004 | D:3      | Reached skill level 1 in Dodging
  3004 | D:3      | Reached XP level 5. HP: 32/32 MP: 5/5
  3871 | D:4      | Found a glowing drain.
  3875 | Sewer    | Entered a sewer
  4308 | Sewer    | Reached XP level 6. HP: 28/38 MP: 6/6
  5258 | D:5      | Entered Level 5 of the Dungeon
  5399 | D:5      | Noticed Pikel
  5455 | D:5      | Killed Pikel
  5456 | D:5      | Reached skill level 5 in Armour
  5456 | D:5      | Reached skill level 5 in Shields
  5456 | D:5      | Reached XP level 7. HP: 4/44 MP: 7/7
  5814 | D:5      | Reached XP level 8. HP: 35/48 MP: 8/8
  6776 | D:6      | Noticed Prince Ribbit
  6820 | D:5      | Slain by Prince Ribbit

Illustrated notes

Levels and vault maps discovered:
D:1:      minmay_arrival_nine_rooms, layout_loops_ring, minmay_pentomino_v4
D:2:      layout_loops_ring, serial_shops, nicolae_diamond_shop,
          grunt_decor_arrowhead
D:3:      layout_basic, shapermc_ecumenical_altar_flowoftime, serial_shops,
          nicolae_shop_stone
D:4:      layout_loops_ring, gup_sewer_entry_spiral, corexii_leaking_fountain,
          eino_tiny_chamber
D:5:      layout_cave_pools, uniq_pikel
D:6:      layout_rooms, mainiacjoe_overflow_cross_hatched,
          minmay_temple_entry_tees, kennysheep_opposing_triangles,
          uniq_prince_ribbit1

Skill      XL: |  1  2  3  4  5  6  7  8 |
---------------+-------------------------+-----
Long Blades    | 2 3 4 |  4.7
Shields        | 4 5 6 |  6.2
Armour         | 4 5 6 |  6.2
Dodging        | 1 2 |  2.5
Fighting       | 4 |  4.9
Evocations     | |  0.6

Action                   |  1- 3 |  4- 6 |  7- 9 || total
-------------------------+-------+-------+-------++-------
Melee: Long sword        |   139 |   338 |    93 ||   570
  Use: Scroll            |     1 |     5 |       ||     6
       Potion            |       |     3 |     2 ||     5
 Stab: Invisible         |       |     3 |       ||     3
Armor: Scale mail        |    70 |   159 |    51 ||   280
Dodge: Dodged            |    73 |   181 |    59 ||   313
Block: Buckler           |    34 |    74 |    32 ||   140

Table legend: (Time is in decaauts)
 A = Elapsed time spent in this place.
 B = Non-inter-level travel time spent in this place.
 C = Inter-level travel time spent in this place.
 D = Time resting spent in this place.
 E = Time spent auto-exploring this place.
 F = Levels seen in this place.
 G = Mean time per level.
                   A        B        C        D        E       F      G
               +--------+--------+--------+--------+--------+-----+--------+
         Total |   7052 |   6930 |    122 |    558 |   4913 |   7 | 1007.4 |
       Dungeon |   6211 |   6089 |    122 |    558 |   4419 |   6 | 1035.2 |
         Sewer |    840 |    840 |      0 |      0 |    494 |   1 |  840.0 |
               +--------+--------+--------+--------+--------+-----+--------+

Top non-repeatable levels by time:
     D:1: 1575 daAuts
     D:4: 1302 daAuts
     D:5: 1119 daAuts
     D:2: 1108 daAuts
     D:3: 913 daAuts
   Sewer: 840 daAuts
     D:6: 192 daAuts
